 Dungeon Crawl Stone Soup version 0.18.1-50-g88ac8fd (webtiles) character file.

348 magog001 the Bolt Thrower (level 6, -1/51 HPs)
             Began as a Minotaur Hunter on May 30, 2017.
             Slain by a giant frog (4 damage)
             ... in a sewer.
             The game lasted 00:21:11 (3110 turns).

magog001 the Bolt Thrower (Minotaur Hunter)         Turns: 3110, Time: 00:21:12

Health: -1/51      AC:  5    Str: 19      XL:     6   Next: 33%
Magic:  5/5        EV: 13    Int:  7 (8)  God:
Gold:   86         SH:  5    Dex: 13      Spells: 0 memorised, 5 levels left

rFire  . . .     SeeInvis .     b - +0 short sword
rCold  . . .     Gourm    .     v - +1 animal skin
rNeg   . . .     Faith    .     h - +0 buckler
rPois  .         Spirit   .     (helmet restricted)
rElec  .         Dismiss  .     (no cloak)
rCorr  .         Reflect  +     e - +1 pair of gloves {Dex+3}
SustAt .         Harm     .     (no boots)
MR     .....                    C - +2 amulet of reflection
Stlth  ++........               (no ring)
                                r - ring of wizardry

@: not resistant to hostile enchantments, unstealthy
A: retaliatory headbutt, horns 2
a: no special abilities


You were in a sewer.
You were not hungry.

You visited 1 branch of the dungeon, and saw 3 of its levels.
You also visited: Sewer.

You collected 86 gold pieces.

Inventory:

Hand Weapons
 a - a +1 hand crossbow
 b - a +0 short sword (weapon)
Missiles
 y - 19 poisoned needles
 B - 2 curare-tipped needles
Armour
 c - a +0 leather armour
 e - a +1 pair of gloves of dexterity (worn)
 h - a +0 buckler (worn)
 v - a +1 animal skin (worn)
Jewellery
 r - a ring of wizardry (left hand)
 C - a +2 amulet of reflection (around neck)
Scrolls
 g - a scroll of fear {unknown}
 k - a scroll of recharging
 l - a scroll of identify
 m - a scroll of fog
 n - a scroll of teleportation {unknown}
 p - a scroll of blinking {unknown}
 q - a scroll of noise {unknown}
 s - a scroll of magic mapping
 x - a scroll of enchant weapon {unknown}
 z - a scroll of remove curse {unknown}
Potions
 i - a potion of might {unknown}
 j - 2 potions of magic
 t - a potion of cure mutation {unknown}
 w - a potion of agility
 A - a potion of haste
Comestibles
 f - 2 bread rations
 o - 3 meat rations
 u - a slice of pizza


   Skills:
 + Level 3.4 Fighting
 + Level 6.9 Crossbows
 + Level 1.2 Armour
 + Level 4.1 Dodging
 + Level 1.0 Stealth
 + Level 0.8 Shields


You had 5 spell levels left.
You didn't know any spells.

Dungeon Overview and Level Annotations

Branches:
Dungeon (3/15)

Altars:


Innate Abilities, Weirdness & Mutations

You reflexively headbutt those who attack you in melee.
You have a pair of horns on your head.


Message History

You headbutt the giant frog! The giant frog barely misses you.
You see here a bolt.
The giant frog hits you.
* * * LOW HITPOINT WARNING * * *
The giant frog closely misses you. You furiously retaliate!
You headbutt the giant frog!
You see here a bolt.
The giant frog hits you.
* * * LOW HITPOINT WARNING * * *
You block the giant frog's attack.
You completely miss the giant frog.
The giant frog is severely wounded.
You block the giant frog's attack. The giant frog barely misses you.
Unknown command.
You barely miss the giant frog.
The giant frog is almost dead.
The giant frog hits you.
* * * LOW HITPOINT WARNING * * *
The giant frog hits you.
You die...

#≈≈≈≈≈≈#
#≈≈≈≈≈≈
#≈≈≈≈≈≈#
#≈≈≈≈≈≈
#≈≈≈≈≈≈#
#≈≈≈≈≈≈
#≈≈≈≈≈≈#
#≈≈≈≈≈≈
#≈≈≈(≈≈#
#≈≈≈≈≈≈
#≈≈†(≈≈#
#≈≈≈≈≈≈
#≈≈((≈≈#
#≈≈≈≈≈≈
#≈≈.FF≈#
#≈≈.≈.≈
#...@..#****
#......
#.(..(.#,,,*
##.....
#......+,∩,*
#.....
##....##,,,*
##....
######*****
##... ###.
##


You could see 2 giant frogs.

Vanquished Creatures
  The ghost of mopl the Slasher, an amateur VSWr (Sewer)
  Robin (D:2)
  10 adders
  6 river rats (Sewer)
  An ooze (D:1)
  A worm (D:2)
  3 dart slugs
  A giant gecko (D:2)
  An orc (D:3)
  3 giant cockroaches
  10 goblins
  6 hobgoblins
  17 ball pythons
  4 bats
  2 giant newts (Sewer)
  4 kobolds
  27 rats
98 creatures vanquished.

Notes
Turn   | Place    | Note
--------------------------------------------------------------
     0 | D:1      | magog001 the Minotaur Hunter began the quest for the Orb.
     0 | D:1      | Reached XP level 1. HP: 18/18 MP: 0/0
   320 | D:1      | You fall through a shaft!
   476 | D:1      | Reached XP level 2. HP: 25/25 MP: 1/1
   731 | D:1      | Reached skill level 5 in Crossbows
   804 | D:2      | Reached XP level 3. HP: 30/30 MP: 2/2
   833 | D:2      | Noticed Robin
   838 | D:2      | Killed Robin
  1068 | D:2      | Reached XP level 4. HP: 37/37 MP: 3/3
  1254 | D:2      | Reached skill level 1 in Armour
  1824 | D:3      | Found a glowing drain.
  1828 | Sewer    | Entered a sewer
  1860 | Sewer    | Reached skill level 6 in Crossbows
  1978 | Sewer    | Reached XP level 5. HP: 19/42 MP: 4/4
  2126 | Sewer    | Noticed mopl's ghost (amateur VSWr)
  2153 | Sewer    | Killed mopl's ghost
  2413 | Sewer    | Reached XP level 6. HP: 16/51 MP: 5/5
  3087 | Sewer    | Reached skill level 1 in Stealth
  3110 | Sewer    | Slain by a giant frog

Skill      XL: |  1  2  3  4  5  6 |
---------------+-------------------+-----
Crossbows      | 5 6 |  6.9
Armour         | 1 |  1.2
Dodging        | 3 4 |  4.1
Fighting       | 3 |  3.4
Stealth        | 1 |  1.0
Shields        | |  0.8

Action                   |  1- 3 |  4- 6 || total
-------------------------+-------+-------++-------
Melee: Short sword       |       |    83 ||    83
       Headbutt          |       |    13 ||    13
 Fire: Hand crossbow     |    73 |    75 ||   148
  Use: Potion            |       |     8 ||     8
       Scroll            |       |     4 ||     4
  Eat: Chunk             |       |     6 ||     6
       Pizza             |       |     1 ||     1
Armor: Leather armour    |    13 |       ||    13
       Animal skin       |     1 |    54 ||    55
Dodge: Dodged            |    25 |   127 ||   152
Block: Buckler           |       |    35 ||    35
